Match 45711686
Unlisted

Match 45711686
End
Panzergrenadier Squad
Selects Battlefield Espionage Battlegroup
Panzergrenadier Squad
Panzergrenadier Squad
Construct Light Support Kompanie
Construct Mechanized Kompanie
Veteran Squad Leaders
8 Rad Armored Car
Selects Intel Disruption Beacon
2.5-tonne Medical Truck
Support Armor Elements
StuG III D Assault Gun
Pak 38 Anti-tank Gun Team
Vehicle Survival Package
Construct Panzerarmee Kommand
Selects Plunder
Panzer III L Medium Tank
Selects Disruption Operation
Selects 250/3 Funkpanzerwagen
Selects Advanced Ambush Training
Armored Reserves
Panzergrenadier Squad
ttheadventure
dicsonn001
DanGer_
ZombiesSquad
Wyl
ccGOAAALLL
오렌지플래닛
疯子
0
0

Comments sign in to comment!

No comments posted yet!